[ AOE2 MATCH · #513480076 ]
UnrankedEthiopians vs Malay
Player's team · LOSS
Rival team · WIN
[ REPLAY ANALYSIS · EXTRACTED FROM THE RECORDED GAME ]
Feudal
10:21
Castle
27:07
Imperial
—
| APM avg | 39.1 |
| APM peak | 80 |
| eAPM avg | 19.8 |
| Villagers / military | 55 / 41 |
Focus
⚔️ 21.0% · 🌾 79.0%
Skirmisher ×14 · Archer ×13 · Scout Cavalry ×7 · Mangonel ×6 · Camel Scout ×1
Feudal
9:29
Castle
22:53
Imperial
—
| APM avg | 48.0 |
| APM peak | 106 |
| eAPM avg | 18.4 |
| Villagers / military | 79 / 53 |
Focus
⚔️ 33.4% · 🌾 66.6%
Skirmisher ×25 · Battle Elephant ×12 · Archer ×6 · Spearman ×5 · Militia ×4 · Mangonel ×1
Match map
Initial resources + every placement click. Lines = walls · curves = elevation contours. ◆ gold · ⬟ stone · ● berries · ✦ relic · ◌ wall gap
Your base· Open — unwalled flank
King of Killester's base· Open — unwalled flank
Smoothed initial terrain · ◌ = detected wall gap · hover for details
Inputs per minute
— ChoRi-Wolo.gg - - King of Killester
Build order — ChoRi-Wolo.gg
First 150 of 180 actions detected
| 0:01 | Queue | Villager (Male) |
| 0:02 | Queue | Villager (Male) |
| 0:02 | Queue | Villager (Male) |
| 0:02 | Queue | Villager (Male) |
| 0:02 | Queue | Villager (Male) |
| 0:05 | Build | House |
| 0:07 | Build | House |
| 1:26 | Queue | Villager (Male) |
| 1:27 | Queue | Villager (Male) |
| 2:02 | Build | Lumber Camp |
| 2:11 | Queue | Villager (Male) |
| 2:11 | Queue | Villager (Male) |
| 2:16 | Queue | Villager (Male) |
| 2:16 | Queue | Villager (Male) |
| 2:57 | Research | Loom |
| 3:39 | Queue | Villager (Male) |
| 3:39 | Queue | Villager (Male) |
| 3:39 | Queue | Villager (Male) |
| 3:50 | Build | House |
| 4:53 | Queue | Villager (Male) |
| 4:53 | Queue | Villager (Male) |
| 5:18 | Build | Mill |
| 5:28 | Queue | Villager (Male) |
| 5:55 | Build | Mill |
| 5:58 | Queue | Villager (Male) |
| 6:35 | Queue | Villager (Male) |
| 6:57 | Queue | Villager (Male) |
| 7:29 | Queue | Villager (Male) |
| 8:11 | Research | Feudal Age |
| 8:38 | Queue | Villager (Male) |
| 9:03 | Build | House |
| 9:05 | Build | House |
| 10:21 | Age | Feudal Age |
| 10:43 | Research | Double-Bit Axe |
| 11:16 | Queue | Villager (Male) |
| 11:17 | Queue | Villager (Male) |
| 11:19 | Research | Wheelbarrow |
| 11:33 | Build | Barracks |
| 11:42 | Build | House |
| 11:52 | Build | House |
| 11:56 | Queue | Villager (Male) |
| 12:13 | Queue | Villager (Male) |
| 12:41 | Research | Horse Collar |
| 13:00 | Build | House |
| 13:14 | Build | Archery Range |
| 13:26 | Queue | Villager (Male) |
| 13:27 | Queue | Villager (Male) |
| 13:29 | Queue | Villager (Male) |
| 13:52 | Build | Mining Camp |
| 14:01 | Build | Farm |
| 14:14 | Queue | Archer |
| 14:14 | Queue | Archer |
| 14:14 | Queue | Archer |
| 14:31 | Queue | Villager (Male) |
| 14:42 | Queue | Villager (Male) |
| 14:46 | Queue | Archer |
| 15:09 | Queue | Skirmisher |
| 15:10 | Queue | Skirmisher |
| 15:10 | Queue | Skirmisher |
| 15:19 | Build | House |
| 15:20 | Build | House |
| 15:32 | Build | Farm |
| 15:32 | Build | Farm |
| 15:32 | Build | Farm |
| 15:32 | Build | Farm |
| 15:33 | Build | Farm |
| 15:33 | Build | Farm |
| 15:33 | Build | Farm |
| 15:33 | Build | Farm |
| 15:33 | Build | Farm |
| 15:34 | Build | Farm |
| 15:34 | Build | Farm |
| 15:34 | Build | Farm |
| 15:35 | Build | Farm |
| 15:35 | Build | Farm |
| 15:36 | Build | Farm |
| 15:36 | Build | Farm |
| 15:36 | Build | Farm |
| 15:36 | Build | Farm |
| 15:37 | Build | Farm |
| 16:34 | Build | House |
| 16:40 | Build | House |
| 17:47 | Queue | Skirmisher |
| 17:47 | Queue | Skirmisher |
| 17:47 | Queue | Skirmisher |
| 18:21 | Queue | Villager (Male) |
| 18:22 | Queue | Villager (Male) |
| 18:22 | Queue | Villager (Male) |
| 18:22 | Queue | Villager (Male) |
| 18:22 | Queue | Villager (Male) |
| 18:22 | Queue | Villager (Male) |
| 18:23 | Queue | Villager (Male) |
| 18:23 | Queue | Villager (Male) |
| 18:23 | Queue | Villager (Male) |
| 18:28 | Build | Lumber Camp |
| 18:44 | Build | Blacksmith |
| 19:02 | Queue | Archer |
| 19:03 | Queue | Archer |
| 19:03 | Queue | Archer |
| 19:03 | Queue | Archer |
| 19:23 | Research | Fletching |
| 19:46 | Build | Market |
| 19:49 | Build | House |
| 19:51 | Build | House |
| 20:43 | Queue | Archer |
| 20:43 | Queue | Archer |
| 20:43 | Queue | Archer |
| 20:58 | Queue | Villager (Male) |
| 20:58 | Queue | Villager (Male) |
| 20:59 | Queue | Villager (Male) |
| 21:07 | Queue | Archer |
| 21:08 | Queue | Archer |
| 21:16 | Build | Farm |
| 21:16 | Build | Farm |
| 21:17 | Build | Farm |
| 21:17 | Build | Farm |
| 21:17 | Build | Farm |
| 21:17 | Build | Farm |
| 21:18 | Build | Farm |
| 21:18 | Build | Farm |
| 21:18 | Build | Farm |
| 21:18 | Build | Farm |
| 21:18 | Build | Farm |
| 21:39 | Queue | Skirmisher |
| 21:40 | Queue | Skirmisher |
| 22:12 | Build | Stable |
| 22:21 | Build | House |
| 22:44 | Research | Padded Archer Armor |
| 23:08 | Queue | Scout Cavalry |
| 23:09 | Queue | Scout Cavalry |
| 24:19 | Queue | Scout Cavalry |
| 24:20 | Queue | Scout Cavalry |
| 24:20 | Queue | Scout Cavalry |
| 24:20 | Queue | Scout Cavalry |
| 24:21 | Queue | Scout Cavalry |
| 24:29 | Research | Castle Age |
| 25:02 | Queue | Skirmisher |
| 25:03 | Queue | Skirmisher |
| 25:03 | Queue | Skirmisher |
| 25:31 | Queue | Skirmisher |
| 27:05 | Build | Mining Camp |
| 27:07 | Age | Castle Age |
| 27:12 | Research | Bodkin Arrow |
| 27:18 | Research | Elite Skirmisher (upgrade) |
| 27:42 | Queue | Villager (Male) |
| 27:43 | Queue | Villager (Male) |
| 27:43 | Queue | Villager (Male) |
| 27:54 | Build | Siege Workshop |
| 28:07 | Queue | Skirmisher |
| 28:07 | Queue | Skirmisher |
Build order — King of Killester
First 150 of 244 actions detected
| 0:02 | Queue | Villager (Male) |
| 0:03 | Queue | Villager (Male) |
| 0:04 | Build | House |
| 0:05 | Build | House |
| 0:30 | Queue | Villager (Male) |
| 0:58 | Queue | Villager (Male) |
| 1:33 | Queue | Villager (Male) |
| 2:00 | Queue | Villager (Male) |
| 2:00 | Queue | Villager (Male) |
| 2:04 | Build | Lumber Camp |
| 2:18 | Queue | Villager (Male) |
| 2:48 | Queue | Villager (Male) |
| 3:04 | Queue | Villager (Male) |
| 3:04 | Queue | Villager (Male) |
| 3:26 | Build | House |
| 3:27 | Build | House |
| 3:42 | Queue | Villager (Male) |
| 3:54 | Queue | Villager (Male) |
| 4:18 | Build | Mill |
| 4:21 | Queue | Villager (Male) |
| 4:46 | Queue | Villager (Male) |
| 5:27 | Queue | Villager (Male) |
| 5:34 | Queue | Villager (Male) |
| 5:44 | Queue | Villager (Male) |
| 5:44 | Queue | Villager (Male) |
| 6:20 | Queue | Villager (Male) |
| 6:27 | Research | Loom |
| 6:35 | Queue | Villager (Male) |
| 6:36 | Research | Loom |
| 6:45 | Build | Mining Camp |
| 6:52 | Queue | Villager (Male) |
| 7:35 | Build | House |
| 7:38 | Build | Palisade Wall |
| 7:39 | Build | Palisade Wall |
| 7:40 | Build | Palisade Wall |
| 7:41 | Build | Palisade Wall |
| 7:49 | Build | Barracks |
| 8:11 | Research | Feudal Age |
| 8:37 | Build | Lumber Camp |
| 8:45 | Queue | Militia |
| 8:45 | Queue | Militia |
| 8:45 | Queue | Militia |
| 9:29 | Age | Feudal Age |
| 9:30 | Queue | Villager (Male) |
| 9:32 | Research | Double-Bit Axe |
| 10:09 | Research | Man-at-Arms (upgrade) |
| 10:35 | Queue | Villager (Male) |
| 11:04 | Queue | Militia |
| 11:14 | Build | Archery Range |
| 11:23 | Build | Farm |
| 11:24 | Build | Farm |
| 11:25 | Build | Farm |
| 11:26 | Build | Farm |
| 11:29 | Build | Farm |
| 11:30 | Queue | Villager (Male) |
| 11:31 | Queue | Villager (Male) |
| 11:46 | Build | House |
| 11:48 | Build | House |
| 12:15 | Queue | Villager (Male) |
| 12:18 | Queue | Archer |
| 12:18 | Queue | Archer |
| 12:25 | Build | Farm |
| 12:31 | Build | Farm |
| 12:44 | Queue | Villager (Male) |
| 12:48 | Queue | Villager (Male) |
| 12:59 | Build | Watch Tower |
| 13:04 | Queue | Archer |
| 13:13 | Build | Mining Camp |
| 13:21 | Queue | Villager (Male) |
| 13:25 | Queue | Villager (Male) |
| 13:45 | Build | House |
| 13:46 | Build | House |
| 13:53 | Build | Palisade Wall |
| 13:56 | Queue | Villager (Male) |
| 14:05 | Build | Blacksmith |
| 14:13 | Build | Farm |
| 14:16 | Build | Farm |
| 14:29 | Queue | Villager (Male) |
| 14:30 | Queue | Archer |
| 14:51 | Build | Palisade Wall |
| 14:52 | Queue | Villager (Male) |
| 15:07 | Queue | Villager (Male) |
| 15:19 | Research | Fletching |
| 15:33 | Queue | Villager (Male) |
| 15:36 | Queue | Villager (Male) |
| 15:43 | Build | Farm |
| 15:46 | Build | Farm |
| 15:49 | Build | Farm |
| 16:07 | Queue | Villager (Male) |
| 16:15 | Build | Archery Range |
| 16:28 | Queue | Villager (Male) |
| 16:39 | Build | Stone Wall |
| 16:54 | Queue | Villager (Male) |
| 17:08 | Queue | Archer |
| 17:08 | Queue | Archer |
| 17:17 | Build | Watch Tower |
| 17:24 | Build | Palisade Wall |
| 17:32 | Queue | Villager (Male) |
| 17:40 | Queue | Skirmisher |
| 17:40 | Queue | Skirmisher |
| 17:47 | Queue | Villager (Male) |
| 17:58 | Queue | Skirmisher |
| 17:58 | Queue | Skirmisher |
| 18:03 | Build | Farm |
| 18:24 | Build | Farm |
| 18:28 | Build | Farm |
| 18:29 | Build | Farm |
| 18:53 | Queue | Villager (Male) |
| 18:58 | Queue | Villager (Male) |
| 19:03 | Build | House |
| 19:04 | Build | House |
| 19:10 | Build | House |
| 19:11 | Build | House |
| 19:12 | Queue | Villager (Male) |
| 19:19 | Build | Palisade Gate |
| 19:30 | Queue | Villager (Male) |
| 19:35 | Queue | Villager (Male) |
| 19:47 | Build | Market |
| 20:01 | Build | Watch Tower |
| 20:11 | Queue | Villager (Male) |
| 20:35 | Queue | Skirmisher |
| 20:35 | Queue | Skirmisher |
| 21:09 | Build | Watch Tower |
| 21:17 | Research | Castle Age |
| 21:22 | Queue | Skirmisher |
| 21:22 | Queue | Skirmisher |
| 21:23 | Queue | Skirmisher |
| 21:25 | Queue | Skirmisher |
| 21:25 | Queue | Skirmisher |
| 21:34 | Queue | Skirmisher |
| 21:43 | Build | Farm |
| 21:44 | Build | Farm |
| 21:51 | Build | Farm |
| 21:51 | Queue | Villager (Male) |
| 22:01 | Research | Padded Archer Armor |
| 22:01 | Research | Padded Archer Armor |
| 22:53 | Age | Castle Age |
| 22:53 | Queue | Skirmisher |
| 22:54 | Queue | Skirmisher |
| 22:59 | Research | Elite Skirmisher (upgrade) |
| 23:51 | Build | Stable |
| 23:58 | Queue | Villager (Male) |
| 23:58 | Queue | Villager (Male) |
| 23:58 | Queue | Villager (Male) |
| 24:43 | Research | Bodkin Arrow |
| 24:45 | Queue | Villager (Male) |
| 24:53 | Queue | Skirmisher |
| 24:53 | Queue | Skirmisher |
| 25:19 | Build | Castle |
| 25:24 | Queue | Skirmisher |
Match timeline
| 7:38 | King of Killester · wall_segment Palisade Wall x1 |
| 7:39 | King of Killester · wall_segment Palisade Wall x1 |
| 7:40 | King of Killester · wall_segment Palisade Wall x1 |
| 7:41 | King of Killester · wall_segment Palisade Wall x1 |
| 7:49 | King of Killester · first_building Barracks |
| 9:29 | King of Killester · age_up feudal |
| 10:21 | ChoRi-Wolo.gg · age_up feudal |
| 11:14 | King of Killester · first_building Archery Range |
| 11:33 | ChoRi-Wolo.gg · first_building Barracks |
| 13:14 | ChoRi-Wolo.gg · first_building Archery Range |
| 13:53 | King of Killester · wall_segment Palisade Wall x12 |
| 14:51 | King of Killester · wall_segment Palisade Wall x12 |
| 16:39 | King of Killester · wall_segment Stone Wall x1 |
| 17:24 | King of Killester · wall_segment Palisade Wall x1 |
| 22:12 | ChoRi-Wolo.gg · first_building Stable |
| 22:53 | King of Killester · age_up castle |
| 23:51 | King of Killester · first_building Stable |
| 24:03 | ChoRi-Wolo.gg · first_market_buy 100 food |
| 24:06 | ChoRi-Wolo.gg · first_market_sell 100 wood |
| 24:07 | King of Killester · first_market_buy 100 wood |
| 25:19 | King of Killester · first_building Castle |
| 26:51 | King of Killester · wall_segment Palisade Wall x9 |
| 27:07 | ChoRi-Wolo.gg · age_up castle |
| 27:27 | King of Killester · wall_segment Palisade Wall x13 |
| 27:54 | ChoRi-Wolo.gg · first_building Siege Workshop |
| 34:21 | King of Killester · first_building Siege Workshop |
| 35:25 | King of Killester · first_market_sell 100 wood |
| 35:48 | ChoRi-Wolo.gg · resign |
[ AI ANALYSIS · 1 CREDIT ]
What really happened in this match?
Wolo.gg analyzes every decision: build order, eco, micro, common mistakes by bracket. Personalized analysis on WhatsApp or Discord in 30 seconds.
Civ guide
Ethiopians
Perfil
Jugador #3309795